 Dungeon Crawl Stone Soup version 0.19-a0-3-g95c6029 (webtiles) character file.

414 Kjetter the Sneak (level 7, 0/41 HPs)
             Began as a Kobold Assassin on Apr 28, 2016.
             Was an Initiate of Nemelex Xobeh.
             Succumbed to Etesian's ghost's poison
             ... in the Ecumenical Temple.
             The game lasted 00:23:20 (4165 turns).

Kjetter the Sneak (Kobold Assassin)                 Turns: 4165, Time: 00:23:21

Health: 0/41       AC:  3    Str: 14    XL:     7   Next: 14%
Magic:  7/7        EV: 24    Int: 14    God:    Nemelex Xobeh [......]
Gold:   182        SH:  0    Dex: 25    Spells: 0 memorised, 6 levels left

rFire  x . .     SeeInvis .     a - +2 dagger
rCold  + . .     Gourm    .     c - +0 robe
rNeg   . . .     Faith    .     (shield restricted)
rPois  .         Spirit   .     (no helmet)
rElec  .         Dismiss  .     n - +0 cloak
rCorr  .         Reflect  .     (no gloves)
SustAt +         Harm     .     (no boots)
MR     .....                    (no amulet)
Stlth  ++++++....               w - ring of sustain attributes
                                v - ring of ice

@: mighty, brilliant, agile, lethally poisoned (0 -> -16), not resistant to
hostile enchantments, very stealthy
A: carnivore 3
a: Renounce Religion


You were in the Ecumenical Temple.
You worshipped Nemelex Xobeh.
Nemelex Xobeh was noncommittal.
You were not hungry.

You visited 2 branches of the dungeon, and saw 7 of its levels.

You collected 182 gold pieces.

Inventory:

Hand Weapons
 a - a +2 dagger (weapon)
 b - a +0 blowgun
Missiles
 e - 17 poisoned needles
 f - 10 curare-tipped needles
 j - 202 stones (quivered)
 F - 3 tomahawks of returning
Armour
 c - a +0 robe (worn)
 d - a +0 cloak
 n - a +0 cloak (worn)
 A - a +0 cloak
Jewellery
 v - a ring of ice (left hand)
 w - a ring of sustain attributes (right hand)
Wands
 q - a wand of paralysis (12/24)
Scrolls
 h - a scroll of blinking
 k - a scroll of magic mapping {unknown}
 l - 6 scrolls of identify
 m - 2 scrolls of random uselessness {unknown}
 o - a scroll of recharging {unknown}
 p - a scroll of enchant weapon {unknown}
 r - 4 scrolls of enchant armour {unknown}
 x - a scroll of teleportation {unknown}
 y - a scroll of noise {unknown}
Potions
 s - a potion of might
 t - a potion of invisibility {unknown}
 z - a potion of heal wounds {unknown}
 B - a potion of curing {unknown}
Books
 C - a book of Changes

   Spells                             Type                      Level
   a - Beastly Appendage              Transmutation                1
   b - Sticks to Snakes               Transmutation                2
   c - Spider Form                    Transmutation/Poison         3
   d - Ice Form                       Ice/Transmutation            4
   e - Blade Hands                    Transmutation                5
 D - a book of Power

   Spells                             Type                      Level
   a - Fulminant Prism                Conjuration/Hexes            4
   b - Iskenderun's Mystic Blast      Conjuration                  4
   c - Venom Bolt                     Conjuration/Poison           5
   d - Bolt of Magma                  Conjuration/Fire/Earth       5
   e - Iron Shot                      Conjuration/Earth            6
   f - Orb of Destruction             Conjuration                  7
   g - Spellforged Servitor           Conjuration/Summoning        7
Comestibles
 g - 3 meat rations


   Skills:
 + Level 3.1 Fighting
 + Level 4.0 Short Blades
 + Level 3.7 Throwing
 + Level 4.6 Dodging
 + Level 7.6 Stealth


You had 6 spell levels left.
You didn't know any spells.

Dungeon Overview and Level Annotations

Branches:
Dungeon (6/15)             Temple (1/1) D:6

Altars:
Ashenzari
Cheibriados
Dithmenos
Elyvilon
Fedhas
Gozag
Kikubaaqudgha
Makhleb
Nemelex Xobeh
Okawaru
Pakellas
Qazlal
Ru
Sif Muna
Trog
Vehumet
Xom
Yredelemnul
Zin
The Shining One

Annotations:
D:5 Edmund
D:6 Etesian's ghost, novice DEIE


Innate Abilities, Weirdness & Mutations

You are small and have problems with some larger weapons.
You are carnivorous and can eat meat at any time.


Message History

You feel sick.
* * * LOW HITPOINT WARNING * * *
You feel sick.
* * * LOW HITPOINT WARNING * * *
You feel sick.
Drink which item? (? for menu, Esc to quit)
It was a potion of might.
You feel very mighty all of a sudden.
* * * LOW HITPOINT WARNING * * *
You feel sick.
Drink which item? (? for menu, Esc to quit)
It was a potion of brilliance.
You feel clever all of a sudden.
* * * LOW HITPOINT WARNING * * *
You feel sick.
Drink which item? (? for menu, Esc to quit)
It was a potion of agility.
You feel agile all of a sudden.
You die...
Your body disappears without a glow.

##.........._..._..._..........##
........_..............._........
.................................
....._....................._.....
.................................
..............⌠...⌠..............
..._........................._...
.................................
...........⌠....@....⌠...........
.................................
..._........................._...
..............⌠...⌠..............
.................................
....._....................._.....
.................................
........_..............._........
##.........._..._..._..........##


There were no monsters in sight!

Vanquished Creatures
  An ogre (D:4)
  A centaur (D:5)
  2 hounds (D:4)
  2 worker ants (D:4)
  A gnoll (D:5)
  5 adders
  2 oozes
  An adder skeleton (D:4)
  A worm (D:3)
  A dart slug (D:1)
  6 giant geckos
  2 orcs (D:3)
  2 ball pythons
  3 giant cockroaches
  3 goblins
  8 hobgoblins
  9 jackals
  7 kobolds
  A quokka (D:5)
  4 bats
  5 giant newts
  5 rats
72 creatures vanquished.

Notes
Turn   | Place    | Note
--------------------------------------------------------------
     0 | D:1      | Kjetter the Kobold Assassin began the quest for the Orb.
     0 | D:1      | Reached XP level 1. HP: 12/12 MP: 1/1
    45 | D:1      | Reached XP level 2. HP: 17/17 MP: 2/2
   248 | D:1      | Reached skill level 6 in Stealth
   354 | D:1      | Reached XP level 3. HP: 18/22 MP: 3/3
  1439 | D:3      | Found a sacrificial altar of Ru.
  1445 | D:3      | Reached XP level 4. HP: 26/27 MP: 4/4
  2255 | D:4      | Reached XP level 5. HP: 25/31 MP: 5/5
  2319 | D:4      | Reached skill level 7 in Stealth
  2682 | D:4      | Found an oddly glowing altar of Pakellas.
  2684 | D:4      | Noticed an ogre
  2756 | D:4      | Killed an ogre
  2756 | D:4      | Reached XP level 6. HP: 16/36 MP: 6/6
  3243 | D:5      | Entered Level 5 of the Dungeon
  3633 | D:5      | Reached XP level 7. HP: 21/41 MP: 7/7
  3872 | D:5      | Found an oddly glowing altar of Pakellas.
  3989 | D:5      | Found a glowing drain.
  4008 | D:5      | Noticed Edmund
  4034 | D:6      | Found a staircase to the Ecumenical Temple.
  4040 | D:6      | Noticed Etesian's ghost (novice DEIE)
  4044 | Temple   | Entered the Ecumenical Temple
  4128 | Temple   | Became a worshipper of Nemelex Xobeh the Trickster
  4164 | Temple   | HP: 2/41 [poisoned by Etesian's ghost]
  4165 | Temple   | Succumbed to Etesian's ghost's poison

Vault maps used:
D:1:      dpeg_arrival_chambers_temple_mockup
D:2:      uniq_crazy_yiuf_cottage
D:3:      nicolae_overflow_hidden_temple, first_bread
D:4:      grunt_pakellas_salt
D:5:      kennysheep_mini, gup_sewer_entry_bowl, uniq_edmund
D:6:      minmay_temple_entry_trees
Temple:   grunt_circular_temple_18

Skill      XL: |  1  2  3  4  5  6  7 |
---------------+----------------------+-----
Short Blades   | 3 4 |  4.0
Stealth        | 6 7 |  7.6
Dodging        | 2 4 |  4.6
Throwing       | 3 |  3.7
Fighting       | 3 |  3.1

Action                   |  1- 3 |  4- 6 |  7- 9 || total
-------------------------+-------+-------+-------++-------
Melee: Dagger            |    90 |   134 |    37 ||   261
 Fire: Blowgun           |     3 |    16 |     9 ||    28
Throw: Stone             |    12 |    29 |       ||    41
  Use: Scroll            |       |     5 |       ||     5
       Potion            |       |       |     3 ||     3
 Stab: Sleeping          |    18 |     6 |     2 ||    26
  Eat: Chunk             |     7 |       |       ||     7
       Beef jerky        |       |     1 |       ||     1
       Pizza             |       |       |     2 ||     2
Armor: Robe              |    13 |    16 |     2 ||    31
Dodge: Dodged            |    47 |    93 |    29 ||   169
